 Dungeon Crawl Stone Soup version 0.26-a0-695-g987792ac36 (webtiles) character file.

Game seed: 8622385178678559340

21 zazu2006 the Magician (level 2, -3/22 HPs)
             Began as a Naga Hedge Wizard on Oct 25, 2020.
             Slain by a hobgoblin
             ... wielding a cursed -1 club
              (4 damage)
             ... on level 1 of the Dungeon.
             The game lasted 00:01:10 (468 turns).

zazu2006 the Magician (Naga Hedge Wizard)            Turns: 468, Time: 00:01:11

Health: -3/22      AC:  2    Str: 12    XL:     2   Next: 87%
Magic:  0/6        EV:  9    Int: 14    God:
Gold:   40         SH:  0    Dex: 10    Spells: 7/8 levels left

rFire    . . .     SeeInvis +   a - +0 dagger
rCold    . . .     Faith    .   (no shield)
rNeg     . . .     Spirit   .   d - +0 leather armour
rPois    +         Reflect  .   c - +0 hat
rElec    .         Harm     .   (no cloak)
rCorr    .         Rampage  .   (no gloves)
MR       .....                  (no barding)
Stlth    ++........             (no amulet)
HPRegen  0.07/turn              (no ring)
MPRegen  0.10/turn              (no ring)

@: short of breath, very slightly contaminated, very slow
A: large, see invisible, deformed body, poison resistance, slowness 2, spit
poison 1, AC +0
a: Spit Poison


You were on level 1 of the Dungeon.
You visited 1 branch of the dungeon, and saw 1 of its levels.

You collected 40 gold pieces.

Inventory:

Hand Weapons
 a - a +0 dagger (weapon)
Armour
 b - a +0 robe
 c - a +0 hat (worn)
 d - a +0 leather armour (worn)
Scrolls
 g - a scroll of immolation {unknown}
Potions
 e - 2 potions of flight {unknown}
 f - a potion of berserk rage {unknown}


   Skills:
 + Level 0.3 Armour
 + Level 1.7 Dodging
 + Level 3.3 Stealth
 + Level 3.5 Spellcasting
 + Level 1.0 Conjurations
   Level 1.0 Summonings
   Level 1.0 Translocations


You had 7 spell levels left.
You knew the following spells:

 Your Spells              Type           Power        Failure   Level
a - Magic Dart            Conj           #...         17%         1

Your spell library contained the following spells:

 Spells                   Type           Power        Failure   Level
 Blink                    Tloc           N/A          26%         2
 Call Imp                 Summ           #.......     26%         2
 Slow                     Hex            #.......     36%         2
 Conjure Flame            Conj/Fire      #.......     54%         3
 Mephitic Cloud           Conj/Pois/Air  #.......     56%         3


Dungeon Overview and Level Annotations

Branches:
Dungeon (1/15)

Altars:


Innate Abilities, Weirdness & Mutations

You cannot wear boots.
Your serpentine skin is tough. (AC +0)
You have supernaturally acute eyesight. (SInv)
Armour fits poorly on your strangely shaped body.
Your system is resistant to poisons. (rPois)
You cover ground very slowly.
You can spit poison.


Message History

The hobgoblin is poisoned.
The hobgoblin is moderately wounded.
The hobgoblin closely misses you.
Casting: Magic Dart (safe; 17% risk of failure)
Confirm with . or Enter, or press ? or * to list all spells.
Aiming: Magic Dart (safe; 17% risk of failure)
Press: ? - help, Shift-Dir - straight line, f/p - hobgoblin
Aim: a hobgoblin, wielding a -1 club (severely wounded, poisoned)
The magic dart hits the hobgoblin.
The hobgoblin is almost dead.
The hobgoblin hits you with a cursed -1 club.
* * * LOW HITPOINT WARNING * * *
Casting: Magic Dart (safe; 17% risk of failure)
Confirm with . or Enter, or press ? or * to list all spells.
Aiming: Magic Dart (safe; 17% risk of failure)
Press: ? - help, Shift-Dir - straight line, f/p - hobgoblin
Aim: a hobgoblin, wielding a -1 club (almost dead, poisoned)
You miscast Magic Dart.
Nothing appears to happen.
The hobgoblin hits you with a cursed -1 club.
You die...

.##### #.#
#.###.)#
.....## ##.#
#.# #.)#
####..###..#
#)# ##.####.#
##.)......##
#.## #.(...#
...##...#####
#..# ###...#
.######.....#
##.# ##.g.#
## #####.#
#†# ..# #g#
... #@# ..
#...# . ###.#
###


You could see a hobgoblin (poisoned).

Vanquished Creatures
  A gnoll (D:1)
  A goblin (D:1)
  3 hobgoblins (D:1)
  A jackal (D:1)
  2 kobolds (D:1)
  4 rats (D:1)
12 creatures vanquished.

Notes
Turn   | Place    | Note
-------+----------+-------------------------------------------
     0 | D:1      | zazu2006 the Naga Hedge Wizard began the quest for the Orb.
     0 | D:1      | Reached XP level 1. HP: 15/15 MP: 4/4
   434 | D:1      | Reached XP level 2. HP: 22/22 MP: 1/6
   467 | D:1      | HP: 1/22 [hobgoblin/cursed -1 club (2)]
   468 | D:1      | Slain by a hobgoblin

Illustrated notes

Levels and vault maps discovered:
D:1:      minmay_arrival_open_corners, layout_rooms, minmay_vboxes

Action                   || total
-------------------------++-------
Melee: Dagger            ||    10
 Cast: Magic Dart        ||    14
 Abil: Spit Poison       ||     8
Armor: Leather armour    ||     2
Dodge: Dodged            ||     8

Table legend: (Time is in decaauts)
 A = Elapsed time spent in this place.
 B = Non-inter-level travel time spent in this place.
 C = Inter-level travel time spent in this place.
 D = Time resting spent in this place.
 E = Time spent auto-exploring this place.
 F = Levels seen in this place.
 G = Mean time per level.
                   A        B        C        D        E       F      G
               +--------+--------+--------+--------+--------+-----+--------+
         Total |    524 |    524 |      0 |     47 |    374 |   1 |  524.0 |
       Dungeon |    524 |    524 |      0 |     47 |    374 |   1 |  524.0 |
               +--------+--------+--------+--------+--------+-----+--------+

Top non-repeatable levels by time:
     D:1: 524 daAuts
